 Dungeon Crawl Stone Soup version 0.31.0-11-ge490571c62 (webtiles) character file.

Game seed: 1344076531488067189

182 jagang the Trooper (level 5, 0/35 (43) HPs)
             Began as a Human Fighter on Jan 29, 2024.
             Slain by a wight
             ... wielding a +4 falchion
              (2 damage)
             ... on level 4 of the Dungeon.
             The game lasted 00:03:30 (1298 turns).

jagang the Trooper (Human Fighter)                  Turns: 1298, Time: 00:03:30

HP:   0/35 (43)     AC:  9    Str: 17    XL:     5   Next: 61%
MP:   5/5           EV:  7    Int:  8    God:
Gold: 60            SH:  5    Dex: 14    Spells: 4/4 levels left

rFire   . . .        a - +0 long sword
rCold   . . .        c - +0 buckler
rNeg    . . .        o - +0 chain mail
rPois   .            (no helmet)
rElec   .            (no cloak)
rCorr   .            (no gloves)
SInv    .            (no boots)
Will    .....        n - amulet of the acrobat Stlth
                     (no ring)
HPRegen 0.25/turn    (no ring)
MPRegen 0.09/turn

%: acrobat
@: heavily drained
A: explore regen
a: no special abilities


You were on level 4 of the Dungeon.
You visited 1 branch of the dungeon, and saw 3 of its levels.

You collected 60 gold pieces.

Inventory:

Hand Weapons
 a - a +0 long sword (weapon)
 p - a +3 dagger of freezing
Armour
 c - a +0 buckler (worn)
 o - a +0 chain mail (worn)
Jewellery
 n - an amulet of the acrobat (around neck)
Wands
 b - a wand of flame (24)
Scrolls
 e - a scroll of fear {unknown}
 f - a scroll of amnesia {unknown}
 g - a scroll of enchant weapon {unknown}
 i - a scroll of summoning {unknown}
 k - 2 scrolls of identify {unknown}
 m - a scroll of torment {unknown}
Potions
 d - a potion of might
 h - a potion of lignification {unknown}
 j - a potion of cancellation {unknown}
 l - a potion of heal wounds {unknown}


   Skills:
 * Level 4.5 Fighting
 * Level 3.8 Long Blades
 + Level 3.8 Armour
 - Level 3.0 Shields


You had 4 spell levels left.
You didn't know any spells.
Your spell library was empty.

Dungeon Overview and Level Annotations

Branches:
Dungeon (2/15)

Altars:


Innate Abilities, Weirdness & Mutations

You regain HP and MP as you explore.


Message History

Items here: ) [ †††††††.
You see here a +0 robe.
You start resting.
HP restored.
You see here a +0 robe.
Items here: ) [ †††††††. 2 wights come into view.
Found a scroll labelled UPPOYKHLALA.
Items here: ) [ †††††††.
You see here a +0 robe.
Okay, then.
You hit the wight but do no damage. The wight closely misses you.
You closely miss the wight. The wight hits you with a +4 falchion.
You feel drained.
You slash the wight!
The wight is heavily damaged.
The wight hits you with a +4 falchion.
You feel drained.
You closely miss the wight.
The wight is heavily damaged.
The wight hits you with a +4 falchion!
You feel drained. The wight barely misses you.
You barely miss the wight.
The wight is heavily damaged.
The wight barely misses you.
You barely miss the wight.
The wight is heavily damaged.
The wight hits you with a +4 falchion.
You feel drained.
You closely miss the wight.
The wight is heavily damaged.
The wight hits you with a +4 falchion. x2
You closely miss the wight.
The wight is heavily damaged.
The wight hits you with a +4 falchion!
You feel drained.
* * * LOW HITPOINT WARNING * * *
You hit the wight.
The wight is almost destroyed.
The wight hits you with a +4 falchion.
* * * LOW HITPOINT WARNING * * *
You feel drained.
You die...

#......... #........#
#.z.z....##
#.......... ........#
?......# ######
#....##
#....########.##..##
#....##.@zz..........
#....#..###..........
#....#.## ####.......
#....#.## ..#....
#.......# ..#....
#....#.## .## ...
#....#.# .# ..
#......# ###....####


You could see 2 wights.

Vanquished Creatures
  2 wights (D:4)
  An iguana (D:4)
  2 adders (D:2)
  A dart slug (D:4)
  4 ball pythons (D:1)
  4 endoplasms
  2 giant cockroaches (D:1)
  5 goblins (D:1)
  3 hobgoblins
  A kobold (D:2)
  4 bats
  10 frilled lizards
  A rat (D:1)
40 creatures vanquished.

Notes
Turn   | Place    | Note
-------+----------+-------------------------------------------
     0 | D:1      | jagang the Human Fighter began the quest for the Orb.
     0 | D:1      | Reached XP level 1. HP: 18/18 MP: 1/1
   210 | D:1      | Reached XP level 2. HP: 22/24 MP: 2/2
   840 | D:2      | Reached XP level 3. HP: 21/29 MP: 3/3
  1019 | D:2      | Found a faded altar of an unknown god.
  1058 | D:2      | You fall into a shaft and drop 2 floors!
  1111 | D:4      | Reached XP level 4. HP: 34/37 MP: 4/4
  1114 | D:4      | Reached skill level 4 in Fighting
  1141 | D:4      | Reached XP level 5. HP: 42/42 MP: 5/5
  1298 | D:4      | Slain by a wight

Illustrated notes

Levels and vault maps discovered:
D:1:      minmay_arrival_widening_spiral_wide, layout_basic,
          serial_bayou_lagoon_a
D:2:      layout_basic, serial_corexii_hall, chequers_hall_statues_y,
          chequers_hall_statues_corner_a, dilly_ecumenical_altar_fadedgnrine,
          minmay_misc_feat_columns
D:4:      kennysheep_goblin_castle, layout_rooms, temple_doors_ab,
          minmay_lizard_king, uniq_sigmund, uniq_crazy_yiuf_cottage

Skill      XL: |  1  2  3  4 |
---------------+-------------+-----
Long Blades    | 3 |  3.8
Fighting       | 4 |  4.5
Armour         | |  3.8
Shields        | |  3.0

Action                     |  1- 3 |  4- 6 || total
---------------------------+-------+-------++-------
  Melee: Long sword        |   133 |    27 ||   160
 Armour: Scale mail        |    40 |       ||    40
         Chain mail        |    50 |    18 ||    68
  Dodge: Dodged            |    54 |     8 ||    62
  Block: Buckler           |    18 |     4 ||    22
